| TOP OF THE 1ST |
|
Southern Maryland Blue Crabs batting - Pitching for Brockton Rox : RHP Ryuhei Shimabukuro
|
|
Pitching: RHP Ryuhei Shimabukuro
|
|
|
Batting: RHB Danny Baeza
|
0-0: Ball 1-0: Called Strike 1-1: Ground out 5-3 (Groundball, 5S, EV 84.4 MPH)
|
|
Batting: RHB Daniel Jackson
|
0-0: Foul Ball, location: 2F 0-1: Foul Ball, location: 2F 0-2: Strikes out swinging
|
|
Batting: RHB J.J. Basil
|
0-0: Swinging Strike 0-1: Called Strike 0-2: Ball 1-2: Foul Ball, location: 2F 1-2: Foul Ball, location: 2F 1-2: Ball 2-2: Ball 3-2: Strikes out looking
|
| Top of the 1st over - 0 runs, 0 hits, 0 errors, 0 left on base; Southern Maryland 0 - Brockton 0 |
| BOTTOM OF THE 1ST |
|
Brockton Rox batting - Pitching for Southern Maryland Blue Crabs : RHP Chris McCurdy
|
|
Pitching: RHP Chris McCurdy
|
|
|
Batting: RHB Sal Rivera
|
0-0: Foul Ball, location: 2F 0-1: Swinging Strike 0-2: Strikes out swinging
|
|
Batting: LHB John Buff
|
0-0: Called Strike 0-1: SINGLE (Line Drive, 6MD, EV 93.8 MPH)
|
|
Batting: RHB Jim Hubbard
|
0-0: Ball 1-0: Foul Ball, location: 2F 1-1: Ball 2-1: Ball 3-1: Foul Ball, location: 2F 3-2: Strikes out looking John Buff is caught stealing 2nd base 2-4 Batter strikes out.
|
| Bottom of the 1st over - 0 runs, 1 hit, 0 errors, 0 left on base; Southern Maryland 0 - Brockton 0 |
| TOP OF THE 2ND |
|
Southern Maryland Blue Crabs batting - Pitching for Brockton Rox : RHP Ryuhei Shimabukuro
|
|
Batting: LHB Eric Jackson
|
0-0: Ball 1-0: Called Strike 1-1: Swinging Strike 1-2: Strikes out swinging
|
|
Batting: RHB Tony Godley
|
0-0: Fly out, F5 (Line Drive, 5, EV 65.6 MPH)
|
|
Batting: RHB Mike Pitts
|
0-0: Called Strike 0-1: Foul Ball, location: 2F 0-2: Ball 1-2: Foul Ball, location: 2F 1-2: Ball 2-2: Strikes out swinging
|
| Top of the 2nd over - 0 runs, 0 hits, 0 errors, 0 left on base; Southern Maryland 0 - Brockton 0 |
| BOTTOM OF THE 2ND |
|
Brockton Rox batting - Pitching for Southern Maryland Blue Crabs : RHP Chris McCurdy
|
|
Batting: LHB Carlos Guerra
|
0-0: Called Strike 0-1: Ball 1-1: Foul Ball, location: 2F 1-2: Ball 2-2: Foul Ball, location: 2F 2-2: Fly out, F7 (Flyball, 7LM, EV 99.4 MPH)
|
|
Batting: LHB Aaron Brannon
|
0-0: Ball 1-0: Called Strike 1-1: Ball 2-1: Ground out 4-3 (Groundball, 4MD, EV 106.9 MPH)
|
|
Batting: RHB Ted Emmerich
|
0-0: Ball 1-0: Ball 2-0: Called Strike 2-1: Ball 3-1: SOLO HOME RUN (Flyball, 9LD, EV 93.1 MPH), Distance : 339 ft
|
|
Batting: RHB Alex Melendez
|
0-0: Called Strike 0-1: Foul Ball, location: 2F 0-2: Ground out 1-3 (Groundball, 13S, EV 71.2 MPH)
|
| Bottom of the 2nd over - 1 run, 1 hit, 0 errors, 0 left on base; Southern Maryland 0 - Brockton 1 |
| TOP OF THE 3RD |
|
Southern Maryland Blue Crabs batting - Pitching for Brockton Rox : RHP Ryuhei Shimabukuro
|
|
Batting: RHB Ray Sims
|
0-0: Called Strike 0-1: Ball 1-1: Ball 2-1: Swinging Strike 2-2: Ball 3-2: Strikes out looking
|
|
Batting: RHB Matt Berrier
|
0-0: Ball 1-0: Ball 2-0: Ball 3-0: Called Strike 3-1: Base on Balls
|
|
Batting: RHB Tony Fernandez
|
0-0: 2-RUN HOME RUN (Flyball, 78XD, EV 106.9 MPH), Distance : 426 ft
|
|
Batting: RHB Danny Baeza
|
0-0: Ball 1-0: Ball 2-0: Called Strike 2-1: SINGLE (Groundball, 56S, EV 70.6 MPH) (infield hit)
|
|
Batting: RHB Daniel Jackson
|
0-0: Ball Danny Baeza steals 2nd base 1-0: Ball 2-0: Called Strike 2-1: Ball 3-1: Base on Balls
|
|
Batting: RHB J.J. Basil
|
0-0: Ball 1-0: Called Strike 1-1: Ball 2-1: SINGLE (Groundball, 5S, EV 71.9 MPH) (infield hit) Danny Baeza to third Daniel Jackson to second
|
|
Batting: LHB Eric Jackson
|
0-0: Ball 1-0: Swinging Strike 1-1: Foul Ball, location: 2F 1-2: Foul Ball, location: 2F 1-2: Strikes out swinging
|
|
Batting: RHB Tony Godley
|
0-0: Called Strike 0-1: Foul Ball, location: 2F 0-2: GRAND SLAM HOME RUN (Flyball, 9D, EV 99.4 MPH), Distance : 375 ft
|
|
Pitching: LHP Jon Convery
|
|
|
Batting: RHB Mike Pitts
|
0-0: Ball 1-0: Fly out, F7 (Flyball, BS2, EV 91.2 MPH)
|
| Top of the 3rd over - 6 runs, 4 hits, 0 errors, 0 left on base; Southern Maryland 6 - Brockton 1 |
| BOTTOM OF THE 3RD |
|
Brockton Rox batting - Pitching for Southern Maryland Blue Crabs : RHP Chris McCurdy
|
|
Batting: RHB Josh Smith
|
0-0: Called Strike 0-1: Ground out 6-3 (Groundball, 6, EV 100.6 MPH)
|
|
Batting: RHB Travis Campbell
|
0-0: Called Strike 0-1: Ball 1-1: Ball 2-1: Fly out, F8 (Flyball, 8LM, EV 90.6 MPH)
|
|
Batting: RHB Sal Rivera
|
0-0: Foul Ball, location: 2F 0-1: Foul Ball, location: 2F 0-2: Strikes out looking
|
| Bottom of the 3rd over - 0 runs, 0 hits, 0 errors, 0 left on base; Southern Maryland 6 - Brockton 1 |
| TOP OF THE 4TH |
|
Southern Maryland Blue Crabs batting - Pitching for Brockton Rox : LHP Jon Convery
|
|
Batting: RHB Ray Sims
|
0-0: Ball 1-0: Ball 2-0: Called Strike 2-1: Foul Ball, location: 2F 2-2: Strikes out swinging
|
|
Batting: RHB Matt Berrier
|
0-0: Ball 1-0: Ball 2-0: Called Strike 2-1: Ball 3-1: Called Strike 3-2: Ground out 6-3 (Groundball, 6, EV 84.4 MPH)
|
|
Batting: RHB Tony Fernandez
|
0-0: Called Strike 0-1: Ball 1-1: Foul Ball, location: 2F 1-2: Foul Ball, location: 2F 1-2: Ground out 5-3 (Groundball, 56, EV 90.6 MPH)
|
| Top of the 4th over - 0 runs, 0 hits, 0 errors, 0 left on base; Southern Maryland 6 - Brockton 1 |
| BOTTOM OF THE 4TH |
|
Brockton Rox batting - Pitching for Southern Maryland Blue Crabs : RHP Chris McCurdy
|
|
Batting: LHB John Buff
|
0-0: Called Strike 0-1: Ball 1-1: Ball 2-1: Foul Ball, location: 2F 2-2: Foul Ball, location: 2F 2-2: Foul Ball, location: 2F 2-2: Foul Ball, location: 2F 2-2: Ball 3-2: Foul Ball, location: 2F 3-2: Ground out 6-3 (Groundball, 6, EV 83.8 MPH)
|
|
Batting: RHB Jim Hubbard
|
0-0: Called Strike 0-1: Ball 1-1: Ball 2-1: Ball 3-1: Fly out, F4 (Flyball, 34D, EV 76.9 MPH)
|
|
Batting: LHB Carlos Guerra
|
0-0: Fly out, F7 (Flyball, 7, EV 86.9 MPH)
|
| Bottom of the 4th over - 0 runs, 0 hits, 0 errors, 0 left on base; Southern Maryland 6 - Brockton 1 |
| TOP OF THE 5TH |
|
Southern Maryland Blue Crabs batting - Pitching for Brockton Rox : LHP Jon Convery
|
|
Batting: RHB Danny Baeza
|
0-0: Ball 1-0: Ball 2-0: Ball 3-0: Base on Balls
|
|
Batting: RHB Daniel Jackson
|
0-0: Ball 1-0: Ball 2-0: Ball 3-0: Called Strike 3-1: Swinging Strike 3-2: Strikes out swinging
|
|
Batting: RHB J.J. Basil
|
0-0: Ball 1-0: Called Strike 1-1: Ball 2-1: Swinging Strike 2-2: Foul Ball, location: 2F 2-2: Foul Ball, location: 2F 2-2: Ball 3-2: Strikes out swinging
|
|
Batting: LHB Eric Jackson
|
0-0: Ball 1-0: Called Strike 1-1: Ball 2-1: Called Strike 2-2: Foul Ball, location: 2F 2-2: Strikes out looking
|
| Top of the 5th over - 0 runs, 0 hits, 0 errors, 1 left on base; Southern Maryland 6 - Brockton 1 |
| BOTTOM OF THE 5TH |
|
Brockton Rox batting - Pitching for Southern Maryland Blue Crabs : RHP Chris McCurdy
|
|
Batting: LHB Aaron Brannon
|
0-0: Ball 1-0: Ball 2-0: Fly out, F8 (Line Drive, 8LM, EV 104.4 MPH)
|
|
Batting: RHB Ted Emmerich
|
0-0: Ground out 4-3 (Groundball, 4, EV 84.4 MPH)
|
|
Batting: RHB Alex Melendez
|
0-0: Foul Ball, location: 2F 0-1: Called Strike 0-2: Ball 1-2: Ball 2-2: Foul Ball, location: 2F 2-2: Ball 3-2: Fly out, F8 (Line Drive, 8RM, EV 95.0 MPH)
|
| Bottom of the 5th over - 0 runs, 0 hits, 0 errors, 0 left on base; Southern Maryland 6 - Brockton 1 |
| TOP OF THE 6TH |
|
Southern Maryland Blue Crabs batting - Pitching for Brockton Rox : LHP Jon Convery
|
|
Batting: RHB Tony Godley
|
0-0: Ball 1-0: Ball 2-0: Foul Ball, location: 2F 2-1: Ground out 5-3 (Groundball, 56S, EV 63.8 MPH)
|
|
Batting: RHB Mike Pitts
|
0-0: Ball 1-0: DOUBLE (Line Drive, 7LS, EV 100.0 MPH)
|
|
Batting: RHB Ray Sims
|
0-0: Ball 1-0: Ball 2-0: Ball 3-0: Base on Balls
|
|
Batting: RHB Matt Berrier
|
0-0: Ball 1-0: Swinging Strike 1-1: Foul Ball, location: 2F 1-2: Strikes out swinging
|
|
Batting: RHB Tony Fernandez
|
0-0: Swinging Strike 0-1: Called Strike 0-2: Foul Ball, location: 2F 0-2: Fly out, F8 (Flyball, 8LM, EV 83.1 MPH)
|
| Top of the 6th over - 0 runs, 1 hit, 0 errors, 2 left on base; Southern Maryland 6 - Brockton 1 |
| BOTTOM OF THE 6TH |
|
Brockton Rox batting - Pitching for Southern Maryland Blue Crabs : RHP Chris McCurdy
|
|
Now in CF: Tony Godley
|
|
|
Now in RF: Antonio Gutierrez
|
|
|
Batting: RHB Josh Smith
|
0-0: Called Strike 0-1: Ball 1-1: Ball 2-1: Ball 3-1: Ground out 6-3 (Groundball, 6D, EV 86.2 MPH)
|
|
Batting: RHB Travis Campbell
|
0-0: Ball 1-0: Ball 2-0: Ground out 1-3 (Groundball, P, EV 68.8 MPH)
|
|
Batting: RHB Sal Rivera
|
0-0: Ball 1-0: Swinging Strike 1-1: SINGLE (Groundball, 6MS, EV 76.9 MPH) (infield hit)
|
|
Batting: LHB John Buff
|
0-0: Called Strike Sal Rivera steals 2nd base (no throw) 0-1: Called Strike 0-2: Ball 1-2: Ball 2-2: Foul Ball, location: 2F 2-2: SINGLE (Groundball, 34D, EV 98.1 MPH) Sal Rivera to third Runner from 3rd tries for Home, throw by RF and OUT! 9-2
|
| Bottom of the 6th over - 0 runs, 2 hits, 0 errors, 1 left on base; Southern Maryland 6 - Brockton 1 |
| TOP OF THE 7TH |
|
Southern Maryland Blue Crabs batting - Pitching for Brockton Rox : LHP Jon Convery
|
|
Batting: RHB Danny Baeza
|
0-0: Called Strike 0-1: Called Strike 0-2: Strikes out swinging
|
|
Batting: RHB Daniel Jackson
|
0-0: Called Strike 0-1: Ball 1-1: Ball 2-1: Foul Ball, location: 2F 2-2: Foul Ball, location: 2F 2-2: Strikes out looking
|
|
Pitching: RHP Nherbert Silivan
|
|
|
Batting: RHB J.J. Basil
|
0-0: Ball 1-0: Foul Ball, location: 2F 1-1: Ball 2-1: Foul Ball, location: 2F 2-2: Ball 3-2: Fly out, F8 (Flyball, 78M, EV 84.4 MPH)
|
| Top of the 7th over - 0 runs, 0 hits, 0 errors, 0 left on base; Southern Maryland 6 - Brockton 1 |
| BOTTOM OF THE 7TH |
|
Brockton Rox batting - Pitching for Southern Maryland Blue Crabs : RHP Chris McCurdy
|
|
Pitching: RHP Casey Tietjen
|
|
|
Batting: RHB Jim Hubbard
|
0-0: Ball 1-0: Ball 2-0: Ball 3-0: Called Strike 3-1: Base on Balls
|
|
Batting: LHB Carlos Guerra
|
0-0: Ball 1-0: Ball 2-0: Called Strike 2-1: Ball 3-1: SINGLE (Groundball, 6MS, EV 71.2 MPH) (infield hit) Jim Hubbard to second
|
|
Batting: LHB Aaron Brannon
|
0-0: Ball 1-0: Called Strike 1-1: Fielders Choice at 2nd, 4-6 (Groundball, 4, EV 79.4 MPH) Jim Hubbard to third
|
|
Pinch Hitting: LHB Miguel Maymi
|
0-0: Called Strike 0-1: Called Strike 0-2: Fielders Choice at 2nd, 4-6 (Groundball, 4, EV 91.9 MPH) Jim Hubbard scores
|
|
Batting: RHB Alex Melendez
|
0-0: Ball 1-0: Called Strike Miguel Maymi steals 2nd base 1-1: Ball 2-1: Ball 3-1: Foul Ball, location: 2F 3-2: Foul Ball, location: 2F 3-2: Foul Ball, location: 2F 3-2: Foul Ball, location: 2F 3-2: SINGLE (Flyball, 6D, EV 88.1 MPH) Miguel Maymi to third Runner from 3rd tries for Home, SAFE, throw by CF to home
|
|
Batting: RHB Josh Smith
|
0-0: Ball 1-0: Called Strike 1-1: Ball 2-1: Fielders Choice at 2nd, 6-4 (Groundball, 56D, EV 108.1 MPH)
|
| Bottom of the 7th over - 2 runs, 2 hits, 0 errors, 1 left on base; Southern Maryland 6 - Brockton 3 |
| TOP OF THE 8TH |
|
Southern Maryland Blue Crabs batting - Pitching for Brockton Rox : RHP Nherbert Silivan
|
|
Now at SS: Miguel Maymi
|
|
|
Batting: LHB Antonio Gutierrez
|
0-0: Ball 1-0: Foul Ball, location: 2F 1-1: Foul Ball, location: 2F 1-2: Ball 2-2: Ball 3-2: Foul Ball, location: 2F 3-2: Strikes out swinging
|
|
Batting: RHB Tony Godley
|
0-0: Foul Ball, location: 2F 0-1: Foul Ball, location: 2F 0-2: Ball 1-2: Ball 2-2: Ball 3-2: Fly out, F8 (Flyball, 8RXD, EV 98.1 MPH)
|
|
Batting: RHB Mike Pitts
|
0-0: Ball 1-0: Ball 2-0: Fly out, F5 (Popup, 5S, EV 77.5 MPH)
|
| Top of the 8th over - 0 runs, 0 hits, 0 errors, 0 left on base; Southern Maryland 6 - Brockton 3 |
| BOTTOM OF THE 8TH |
|
Brockton Rox batting - Pitching for Southern Maryland Blue Crabs : RHP Casey Tietjen
|
|
Pitching: RHP Tim Bemish
|
|
|
Batting: RHB Travis Campbell
|
0-0: Ball 1-0: Called Strike 1-1: Ball 2-1: Foul Ball, location: 2F 2-2: Ball 3-2: Fly out, F8 (Flyball, 8RS, EV 80.0 MPH)
|
|
Batting: RHB Sal Rivera
|
0-0: Ball 1-0: Called Strike 1-1: Foul Ball, location: 2F 1-2: Strikes out looking
|
|
Batting: LHB John Buff
|
0-0: Called Strike 0-1: Swinging Strike 0-2: Ball 1-2: Strikes out swinging
|
| Bottom of the 8th over - 0 runs, 0 hits, 0 errors, 0 left on base; Southern Maryland 6 - Brockton 3 |
| TOP OF THE 9TH |
|
Southern Maryland Blue Crabs batting - Pitching for Brockton Rox : RHP Nherbert Silivan
|
|
Pitching: RHP Josiah Russell
|
|
|
Batting: RHB Ray Sims
|
0-0: Called Strike 0-1: Foul Ball, location: 2F 0-2: Ball 1-2: Strikes out looking
|
|
Batting: RHB Matt Berrier
|
0-0: Ball 1-0: Foul Ball, location: 2F 1-1: Foul Ball, location: 2F 1-2: Foul Ball, location: 2F 1-2: Ball 2-2: Ball 3-2: Foul Ball, location: 2F 3-2: Fly out, F6 (Flyball, 6D, EV 80.6 MPH)
|
|
Batting: RHB Tony Fernandez
|
0-0: Swinging Strike 0-1: Ball 1-1: Ball 2-1: Swinging Strike 2-2: Strikes out swinging
|
| Top of the 9th over - 0 runs, 0 hits, 0 errors, 0 left on base; Southern Maryland 6 - Brockton 3 |
| BOTTOM OF THE 9TH |
|
Brockton Rox batting - Pitching for Southern Maryland Blue Crabs : RHP Tim Bemish
|
|
Pitching: RHP Harley Hyde
|
|
|
Batting: RHB Jim Hubbard
|
0-0: Swinging Strike 0-1: Foul Ball, location: 2F 0-2: Ball 1-2: Ball 2-2: Foul Ball, location: 2F 2-2: Foul Ball, location: 2F 2-2: Strikes out looking
|
|
Batting: LHB Carlos Guerra
|
0-0: Ball 1-0: Foul Ball, location: 2F 1-1: Ball 2-1: Foul Ball, location: 2F 2-2: Ball 3-2: Strikes out swinging
|
|
Batting: LHB Aaron Brannon
|
0-0: Ball 1-0: Called Strike 1-1: Foul Ball, location: 2F 1-2: Ball 2-2: Ball 3-2: TRIPLE (Line Drive, 8LD, EV 97.5 MPH)
|
|
Batting: LHB Miguel Maymi
|
0-0: Ball 1-0: SINGLE (Line Drive, 9S, EV 105.0 MPH) Aaron Brannon scores
|
|
Batting: LHB Danny Montoya
|
0-0: Ball 1-0: DOUBLE (Line Drive, 9LM, EV 93.8 MPH) Miguel Maymi to third
|
|
Pinch Hitting: LHB Mike Hutcheson
|
0-0: Called Strike 0-1: Foul Ball, location: 2F 0-2: Ground out 6-3 (Groundball, 6, EV 90.6 MPH)
|
| Bottom of the 9th over - 1 run, 3 hits, 0 errors, 2 left on base; Southern Maryland 6 - Brockton 4 |
|